Description

The VOD is in French.

This build order is an anti proxy barracks opening. You need almost 0 micro to hold the proxy. To finish the game, you need a little of warp prism micro but it's really easy to do.

Notes :

  • Scout after the gate
  • No CC, no barracks and no gas mean proxy barracks
  • Forge + pylon in the wall + zealot instantly
  • Hide your scouting probe to do a proxy (Robo is the best because there is only some marines but no gas units
  • Hold it with 2 canons, then drop + immo will end the game !

VOD

https://youtu.be/XJckFAfJYIE

Replay - Broesl v zuka - Blueshift LE

Build Order

Get SALT Encoding   

  12  0:01  Probe  
  13  0:13  Probe  
  14  0:18  Pylon  
  14  0:21  Probe  
  15  0:32  Probe  
  15  0:40  Gateway  
  16  0:42  Probe  
  16  0:49  Assimilator  
  17  0:53  Probe  
  18  1:01  Probe  
  18  1:09  Probe  
  21  1:26  Assimilator  
  21  1:30  Zealot  
  21  1:32  Forge  
  22  1:37  Pylon  
  22  1:57  Zealot  
  24  2:06  Photon Cannon x2  
  24  2:22  Cybernetics Core  
  23  2:41  Probe  
  22  2:45  Pylon  
  22  2:46  Warp Gate  
  24  3:04  Gateway  
  24  3:08  Stalker  
  24  3:14  Shield Battery  
  24  3:22  Gateway  
  24  3:28  Pylon  
  24  3:34  Robotics Facility  
  24  3:37  Probe  
  25  3:47  Stalker  
  27  4:13  Gateway  
  27  4:16  Immortal  
  27  4:21  Photon Cannon  
  31  4:49  Warp Prism  
  31  4:59  Pylon  
  33  5:00  Adept x2  
  37  5:14  Gateway  
  37  5:25  Adept x2  
  41  5:46  Immortal  
  45  6:02  Stalker x3  
  37  6:17  Warp Prism  
  33  6:26  Stalker  
  37  6:35  Stalker  
  35  6:55  Stalker x2  
  39  7:22  Stalker  
Spawning Tool Build Advisor. Get it on Overwolf

Go to:

Details

  • Created by: zuka      
  • Published on: Oct 08, 2018
  • Modified on: Oct 08, 2018
  • Patch: 4.0.0
Show
View Real Time Build Order
Export as new Build Order

Comments (0)

There are no comments. Be the first!

Create an account to comment!